 Dungeon Crawl Stone Soup version 0.26-a0-1079-g3a4175ecf3 (webtiles) character file.

Game seed: 6119199086695817489

20162 KristoblXynda the Cleaver (level 13, -1/101 HPs)
             Began as a Formicid Fighter on Dec 14, 2020.
             Was a High Priest of Qazlal.
             Slain by a white ugly thing (12 damage)
             ... on level 12 of the Dungeon.
             The game lasted 00:27:15 (15262 turns).

KristoblXynda the Cleaver (Formicid Fighter)       Turns: 15262, Time: 00:27:16

Health: -1/101     AC: 15    Str: 29    XL:     13   Next: 10%
Magic:  0/28       EV: 10    Int: 11    God:    Qazlal [*****.]
Gold:   862        SH: 19    Dex: 10    Spells: 12/12 levels left

rFire    . . .     SeeInvis +   a - +1 war axe
rCold    . . .     Faith    .   c - +1 kite shield
rNeg     . . .     Spirit   +   A - +0 swamp dragon scales
rPois    +         Reflect  .   (helmet unavailable)
rElec    .         Harm     .   (no cloak)
rCorr    .         Rampage  .   (no gloves)
Will     +....                  q - +0 pair of boots
Stlth    ..........             l - amulet of guardian spirit
HPRegen  0.26/turn              t - +6 ring of strength
MPRegen  0.21/turn              C - ring of magical power

@: protected from physical damage, repel missiles
A: permanent stasis, dig shafts and tunnels, four strong arms, antennae 3
a: Dig, Shaft Self, Upheaval, Elemental Force, Disaster Area, Renounce Religion


You were on level 12 of the Dungeon.
You worshipped Qazlal.
Qazlal was extremely pleased with you.
You visited 2 branches of the dungeon, and saw 14 of its levels.
You also visited: Sewer.

You collected 862 gold pieces.

Inventory:

Hand Weapons
 a - a +1 war axe (weapon)
 z - the +9 lance "Wyrmbane" {slay drac, rPois rF+ rC+ AC+3}
   (You took it off Maggie on level 9 of the Dungeon)

   It affects your AC (+3).
   It protects you from fire.
   It protects you from cold.
   It protects you from poison.
Armour
 c - a +1 kite shield (worn)
 q - a +0 pair of boots (worn)
 A - +0 swamp dragon scales (worn)
Jewellery
 l - an amulet of guardian spirit (around neck)
 t - a +6 ring of strength (left hand)
 C - a ring of magical power (right hand)
Wands
 e - a wand of paralysis (5)
 m - a wand of digging (22)
 r - a wand of disintegration (10)
 v - a wand of iceblast (16)
 w - a wand of enslavement (5)
Scrolls
 f - 5 scrolls of remove curse
 i - 4 scrolls of amnesia
 s - 3 scrolls of enchant armour
 x - 3 scrolls of fog
 y - a scroll of immolation
 D - a scroll of enchant weapon
 E - a scroll of magic mapping
Potions
 b - a potion of attraction
 d - 2 potions of might
 g - 2 potions of cancellation {unknown}
 h - 7 potions of curing
 j - 5 potions of brilliance
 k - 3 potions of lignification
 n - a potion of ambrosia
 o - a potion of heal wounds
 p - 4 potions of flight
 u - a potion of magic
 B - a potion of berserk rage {unknown}
 F - a potion of mutation {unknown}


   Skills:
 + Level 9.2 Fighting
 + Level 12.5 Axes
 + Level 11.7 Armour
 - Level 9.3 Shields
 + Level 9.2 Invocations


You had 12 spell levels left.
You didn't know any spells.
Your spell library contained the following spells:

 Spells                   Type           Power        Failure   Level
 Foxfire                  Conj/Fire      #...         43%         1
 Magic Dart               Conj           #...         43%         1
 Sandblast                Erth           #.....       43%         1
 Sting                    Tmut/Pois      #...         43%         1
 Call Imp                 Summ           #.......     56%         2
 Passwall                 Tmut/Erth      #.......     56%         2
 Poisonous Vapours        Pois/Air       #.....       56%         2
 Searing Ray              Conj           #.....       56%         2
 Slow                     Hex            #.......     56%         2
 Conjure Flame            Conj/Fire      #.......     80%         3
 Dazzling Flash           Conj/Hex       #.....       80%         3
 Ignite Poison            Fire/Tmut/Pois #.......     80%         3
 Mephitic Cloud           Conj/Pois/Air  #.......     80%         3
 Stone Arrow              Conj/Erth      #.....       80%         3
 Cause Fear               Hex            #.........   99%         4
 Fulminant Prism          Conj/Hex       #.........   99%         4
 Iskenderun's Mystic Bla  Conj/Tloc      #.......     99%         4
 Olgreb's Toxic Radiance  Pois           #.......     99%         4
 Petrify                  Tmut/Erth      #.......     99%         4
 Lee's Rapid Deconstruct  Erth           #.........   100%        5
 Dragon Form              Tmut           #.........   100%        7
 Dragon's Call            Summ           #.........   100%        9
 Blink                    Tloc           Unusable     N/A         2

Dungeon Overview and Level Annotations

Branches:
Dungeon (13/15)            Temple (1/1) D:5            Lair (0/6) D:8
    Orc (0/2) D:11          Sewer (visited)
 Vaults: D:13-14

Altars:
Ashenzari
Cheibriados
Dithmenos
Elyvilon
Fedhas
Gozag
Hepliaklqana
Kikubaaqudgha
Makhleb
Nemelex Xobeh
Okawaru
Qazlal
Ru
Sif Muna
Trog
Uskayaw
Vehumet
Wu Jian
Xom
Yredelemnul
Zin
The Shining One

Annotations:
D:5 exclusion: oklob plant


Innate Abilities, Weirdness & Mutations

You cannot be hasted, slowed, berserked, paralysed or teleported.
You can dig through walls and to a lower floor.
Your four strong arms can wield two-handed weapons with a shield.
You have a pair of large antennae on your head. (SInv)


Message History

You closely miss the phantom. The white ugly thing punches you!
The white ugly thing freezes you!!
* * * LOW HITPOINT WARNING * * *
The phantom is engulfed in freezing vapours.
You block the phantom's attack.
You closely miss the white ugly thing.
The white ugly thing is moderately wounded.
You miss the phantom.
The white ugly thing is engulfed in freezing vapours.
The white ugly thing punches you but does no damage.
The phantom is engulfed in freezing vapours.
You block the phantom's attack.
You hit the white ugly thing.
The white ugly thing is moderately wounded.
You slash the phantom!
The white ugly thing is engulfed in freezing vapours.
The white ugly thing punches you!
* * * LOW HITPOINT WARNING * * *
The white ugly thing freezes you!
You die...

#.............###.............###
#..............................##
.........###..................###
....#....###................###
....#....##..(..............#
............................#
..................>.........###
....#........#.W.u☼...........###
##.###.......#..@##/...##..#..#..
#####........##.##.........##....
# #...#...######............... #
#####....#####.....#........#
#......#.#......##..###.##
#...≈♣≈.........##### ###
####♣≈≈≈..#.....# #≈≈≈≈.###..###
##P..## ####


You could see a white ugly thing and a phantom.

Vanquished Creatures
  Kirke (D:12)
  Frances (D:12)
  The ghost of flt the Thrower, a journeyman OgHu of Fedhas (D:10)
  A hydra (D:12)
  A two-headed ogre (D:11)
  A centaur warrior (D:13)
  A deep elf mage (D:13)
  A manticore (D:11)
  An ugly thing (D:12)
  A cyclops (D:11)
  Joseph (D:8)
  2 gargoyles
  Maggie (D:9)
  A komodo dragon (D:8)
  2 trolls
  6 slime creatures (D:11)
  A wraith (D:12)
  6 yaks (D:11)
  2 water elementals (D:12)
  4 hogs (D:12)
  3 wyverns
  A basilisk (D:13)
  Grum (D:9)
  A steam dragon (D:10)
  Duvessa (D:7)
  2 water moccasins
  A swamp drake (D:11)
  3 sky beasts
  3 orc warriors
  3 ice beasts
  A phantom (D:12)
  4 wolves
  10 ogres
  5 centaurs
  7 big kobolds
  A gnoll sergeant (D:7)
  4 bullfrogs
  Dowan (D:7)
  3 scorpions
  12 killer bees
  3 wights (D:11)
  6 howler monkeys
  7 electric eels
  3 bullfrog zombies
  A gnoll shaman (D:6)
  5 orc priests
  4 bullfrog skeletons
  2 centaur skeletons
  8 hounds
  An iguana (D:7)
  9 worker ants
  9 orc wizards
  3 hound skeletons
  3 worker ant zombies
  17 gnolls
  A howler monkey skeleton (D:8)
  A river rat (D:3)
  14 adders
  A shadow imp (D:10)
  3 white imps
  5 ufetubi
  2 oozes (Sewer)
  An adder skeleton (D:5)
  2 worms
  6 leopard geckos
  57 orcs
  4 ball pythons
  5 giant cockroaches
  9 goblins
  11 hobgoblins
  11 jackals
  5 quokkas
  15 bats
  7 frilled lizards
  39 kobolds
  8 rats
391 creatures vanquished.

Vanquished Creatures (others)
  49 plants
49 creatures vanquished.

Grand Total: 440 creatures vanquished

Notes
Turn   | Place    | Note
-------+----------+-------------------------------------------
     0 | D:1      | KristoblXynda the Formicid Fighter began the quest for the
                  | Orb.
     0 | D:1      | Reached XP level 1. HP: 18/18 MP: 1/1
   138 | D:1      | Reached XP level 2. HP: 24/24 MP: 2/2
   348 | D:1      | Reached XP level 3. HP: 29/29 MP: 3/3
   610 | D:2      | Reached skill level 3 in Axes
   811 | D:2      | Reached XP level 4. HP: 35/35 MP: 4/4
  1588 | D:3      | Reached XP level 5. HP: 40/41 MP: 5/5
  1690 | D:3      | Noticed Sigmund
  1779 | D:3      | Reached skill level 4 in Axes
  1794 | D:3      | HP: 1/41 [river rat (5)]
  1857 | D:3      | Found a glowing drain.
  1868 | Sewer    | Entered a sewer
  2103 | Sewer    | Noticed a big kobold
  2115 | Sewer    | Killed a big kobold
  2116 | Sewer    | Reached skill level 5 in Shields
  2116 | Sewer    | Reached XP level 6. HP: 29/47 MP: 4/6
  2775 | Sewer    | Reached skill level 5 in Axes
  2775 | Sewer    | Reached XP level 7. HP: 32/52 MP: 5/7
  2784 | Sewer    | Reached skill level 5 in Armour
  3029 | D:3      | Noticed Sigmund
  3029 | D:3      | Sigmund changed into Sigmund the jackal
  3043 | D:3      | Killed Sigmund the jackal
  3572 | D:4      | Reached skill level 6 in Axes
  3777 | D:4      | Reached XP level 8. HP: 54/58 MP: 8/8
  4068 | D:5      | Entered Level 5 of the Dungeon
  4079 | D:5      | Found a burning altar of Makhleb.
  4358 | D:5      | Found a staircase to the Ecumenical Temple.
  4374 | Temple   | Entered the Ecumenical Temple
  4382 | Temple   | Became a worshipper of Qazlal Stormbringer
  4523 | D:5      | Reached skill level 7 in Axes
  4761 | D:5      | Found a white marble altar of Elyvilon.
  5085 | D:5      | Found a blossoming altar of Fedhas.
  5108 | D:5      | Noticed an oklob plant
  5184 | D:5      | Found a radiant altar of Vehumet.
  5986 | D:6      | Reached XP level 9. HP: 35/64 MP: 6/9
  5986 | D:6      | Reached * piety under Qazlal
  6442 | D:6      | Reached skill level 8 in Axes
  6571 | D:6      | Found a snail-covered altar of Cheibriados.
  6763 | D:7      | Found a burning altar of Makhleb.
  7061 | D:7      | Reached ** piety under Qazlal
  7307 | D:7      | Found a glowing golden altar of the Shining One.
  7326 | D:7      | Found a basalt altar of Yredelemnul.
  7422 | D:7      | Noticed Duvessa
  7424 | D:7      | Noticed Dowan
  7432 | D:7      | Killed Duvessa
  7433 | D:7      | Reached skill level 9 in Axes
  7463 | D:7      | Killed Dowan
  8216 | D:8      | Reached XP level 10. HP: 52/70 MP: 7/10
  8358 | D:8      | Found an opulent altar of Gozag.
  8659 | D:8      | Noticed Joseph
  8667 | D:8      | Reached skill level 10 in Axes
  8679 | D:8      | Killed Joseph
  8860 | D:8      | Found a staircase to the Lair.
  8860 | D:8      | Noticed a komodo dragon
  9156 | D:8      | Killed a komodo dragon
  9157 | D:8      | Reached skill level 1 in Invocations
  9645 | D:9      | Found a hazy altar of Hepliaklqana.
  9766 | D:9      | Reached *** piety under Qazlal
  9815 | D:9      | Noticed Grum
  9840 | D:9      | HP: 3/73 [Grum/-2 spear of flaming (1)]
 10168 | D:9      | Killed Grum
 10208 | D:9      | Noticed Maggie
 10230 | D:9      | Killed Maggie
 10609 | D:9      | Reached XP level 11. HP: 73/78 MP: 11/13
 10721 | D:9      | Found an ornate altar of the Wu Jian Council.
 10826 | D:10     | Entered Level 10 of the Dungeon
 10854 | D:10     | Reached skill level 5 in Fighting
 11066 | D:10     | Reached **** piety under Qazlal
 11660 | D:10     | Found a runed translucent door.
 11663 | D:10     | Noticed flt's ghost (journeyman OgHu)
 11705 | D:10     | Killed flt's ghost
 11706 | D:10     | Reached skill level 11 in Axes
 11706 | D:10     | Reached skill level 5 in Invocations
 12009 | D:11     | Noticed a manticore
 12022 | D:11     | Killed a manticore
 12297 | D:11     | Reached skill level 10 in Armour
 12424 | D:11     | Found a staircase to the Orcish Mines.
 13107 | D:11     | Noticed a two-headed ogre
 13112 | D:11     | Killed a two-headed ogre
 13126 | D:11     | Reached XP level 12. HP: 44/91 MP: 8/17
 13756 | D:12     | Noticed a four-headed hydra
 13784 | D:12     | Killed a six-headed hydra
 13784 | D:12     | Reached ***** piety under Qazlal
 13793 | D:12     | Reached skill level 12 in Axes
 14147 | D:12     | Noticed Frances
 14158 | D:12     | Noticed a sixfirhy
 14182 | D:12     | Killed Frances
 14488 | D:12     | Noticed Kirke
 14505 | D:12     | Killed Kirke
 14805 | D:12     | Reached XP level 13. HP: 61/101 MP: 19/19
 15230 | D:13     | Noticed a centaur warrior
 15252 | D:13     | Killed a centaur warrior
 15262 | D:12     | Slain by a white ugly thing

Illustrated notes

Levels and vault maps discovered:
D:1:      sevenhm_arrival_forest_fort_large_2, layout_loops_ring
D:2:      layout_loops_ring, kennysheep_generic_room_6
D:3:      layout_rooms, lightli_sewer_entry_pipes, uniq_sigmund
D:4:      layout_gridville
D:5:      layout_loops_corners, general_overflow_altar, elyvilon_altar_3,
          old_standard_altar, minmay_temple_entry_hall, serial_bayou_ford_a,
          tgw_fedhas
D:6:      layout_gridville, basic_altar
D:7:      layout_loops_ring, nicolae_overflow_crystal_walls,
          yredelemnul_altar_generic, basic_altar, minmay_misc_feat_pillars,
          columned_hall_lemuel, uniq_duvessa
D:8:      layout_rooms, david_lair_shrubbed, roderic_lattice_a,
          grunt_gozag_statues, uniq_joseph
D:9:      layout_cave_pools, overflow_temple_1_default, kennysheep_mini_moat,
          uniq_maggie, uniq_grum
D:10:     layout_big_octagon, gammafunk_ghost_grave
D:11:     layout_roguey, erik_orc_1
D:12:     layout_cave_pools, serial_bayou, serial_bayou_lagoon_a,
          serial_bayou_pond_c, serial_bayou_pond_a, serial_bayou_pond_d,
          serial_bayou_pond_d, serial_bayou_shore_a, uniq_frances, uniq_kirke
D:13:     layout_basic, david_vaults_4, st_stairs_14, minmay_misc_feat_diagonals
Temple:   regret_index_temple_waves

Skill      XL: |  1  2  3  4  5  6  7  8  9 10 11 12 13 |
---------------+----------------------------------------+-----
Shields        | 4 5 6 7 8 9 |  9.3
Axes           | 3 4 5 6 7 9 10 11 12 | 12.5
Armour         | 4 5 6 7 9 10 11 | 11.7
Invocations    | 3 6 8 9 |  9.2
Fighting       | 4 7 9 |  9.2

Action                   |  1- 3 |  4- 6 |  7- 9 | 10-12 | 13-15 || total
-------------------------+-------+-------+-------+-------+-------++-------
Melee: War axe           |    86 |   210 |   400 |   620 |    38 ||  1354
       Unarmed           |       |     8 |       |       |       ||     8
       Lance             |       |       |       |     6 |       ||     6
       Morningstar       |       |       |       |     3 |       ||     3
 Abil: Dig               |       |       |     1 |       |       ||     1
Evoke: Wand              |       |       |     2 |     4 |       ||     6
  Use: Potion            |     2 |     1 |     1 |     8 |       ||    12
       Scroll            |       |     8 |     7 |     5 |       ||    20
Armor: Scale mail        |    35 |   128 |    12 |       |       ||   175
       Chain mail        |       |       |   162 |    85 |       ||   247
       Skin              |       |       |    18 |       |       ||    18
       Swamp dragon scal |       |       |       |    96 |     9 ||   105
Dodge: Dodged            |    31 |    75 |   147 |   151 |     9 ||   413
       Repelled          |       |       |       |     1 |       ||     1
Block: Kite shield       |    54 |   172 |   345 |   533 |    16 ||  1120

Table legend: (Time is in decaauts)
 A = Elapsed time spent in this place.
 B = Non-inter-level travel time spent in this place.
 C = Inter-level travel time spent in this place.
 D = Time resting spent in this place.
 E = Time spent auto-exploring this place.
 F = Levels seen in this place.
 G = Mean time per level.
                   A        B        C        D        E       F      G
               +--------+--------+--------+--------+--------+-----+--------+
         Total |  15486 |  15240 |    246 |   3772 |   8167 |  15 | 1032.4 |
       Dungeon |  14225 |  13982 |    243 |   2920 |   8049 |  13 | 1094.2 |
        Temple |    125 |    122 |      3 |      0 |    117 |   1 |  125.0 |
         Sewer |   1135 |   1135 |      0 |    852 |      0 |   1 | 1135.0 |
               +--------+--------+--------+--------+--------+-----+--------+

Top non-repeatable levels by time:
    D:11: 1908 daAuts
     D:8: 1767 daAuts
     D:7: 1686 daAuts
     D:5: 1528 daAuts
    D:12: 1318 daAuts
    D:10: 1173 daAuts
   Sewer: 1135 daAuts
     D:6: 1088 daAuts
     D:2: 979 daAuts
     D:3: 813 daAuts
     D:4: 686 daAuts
     D:1: 629 daAuts
     D:9: 620 daAuts
  Temple: 125 daAuts
    D:13: 25 daAuts
